 Dungeon Crawl Stone Soup version 0.27-a0-1280-g9d2d252d84 (webtiles) character file.

Game seed: 18020992355788793667

198 Glokmah the Shield-Bearer (level 6, 0/48 HPs)
             Began as a Formicid Fighter on June 13, 2021.
             Was an Initiate of Ashenzari.
             Slain by an orc (6 damage)
             ... on level 4 of the Dungeon.
             The game lasted 00:06:25 (3107 turns).

Glokmah the Shield-Bearer (Formicid Fighter)        Turns: 3107, Time: 00:06:26

Health: 0/48       AC: 10    Str: 21    XL:     6   Next: 6%
Magic:  6/6        EV:  6    Int:  8    God:    Ashenzari [......]
Gold:   77         SH: 10    Dex: 17    Spells: 5/5 levels left

rFire    . . .     SeeInvis +   a - +2 executioner's axe (pain)
rCold    . . .     Faith    .   c - +0 kite shield
rNeg     . . .     Spirit   .   k - +0 chain mail
rPois    .         Reflect  .   (helmet unavailable)
rElec    .         Harm     .   (no cloak)
rCorr    .         Rampage  .   g - +0 pair of gloves
Will     .....                  (no boots)
Stlth    ..........             (no amulet)
HPRegen  0.16/turn              d - +6 ring of dexterity
MPRegen  0.10/turn              (no ring)

@: studying Evocations
A: permanent stasis, dig shafts and tunnels, antennae 3, four strong arms
a: Dig, Shaft Self, Renounce Religion


You were on level 4 of the Dungeon.
You worshipped Ashenzari.
Ashenzari was noncommittal.
You visited 1 branch of the dungeon, and saw 4 of its levels.

You collected 77 gold pieces.

Inventory:

Hand Weapons
 a - a +2 executioner's axe of pain (weapon)
Missiles
 f - 15 poisoned darts (quivered)
 i - 70 stones
 l - a throwing net
 m - 52 bolts
Armour
 c - a +0 kite shield (worn)
 g - a +0 pair of gloves (worn)
 k - a +0 chain mail (worn)
Jewellery
 d - a +6 ring of dexterity (left hand)
Scrolls
 e - a scroll of magic mapping
 h - a scroll of identify
 j - a scroll of fog
Potions
 b - a potion of degeneration
 n - a potion of might


   Skills:
 + Level 4.1 Fighting
 * Level 3.8 Axes
 - Level 3.2 Armour
 * Level 5.4 Shields
 + Level 1.6 Evocations


You had 5 spell levels left.
You didn't know any spells.
Your spell library contained the following spells:

 Spells                   Type           Power      Damage    Failure   Level
 Beastly Appendage        Tmut           0%         N/A       100%        1
 Wereblood                Tmut           0%         N/A       100%        2
 Spider Form              Tmut/Pois      0%         N/A       100%        3
 Ice Form                 Ice/Tmut       0%         N/A       100%        4


Dungeon Overview and Level Annotations

Branches:
Dungeon (4/15)
 Temple: D:4-7

Altars:
Ashenzari

Shops:
D:4 [

Annotations:
D:4 Duvessa


Innate Abilities, Weirdness & Mutations

You cannot be hasted, slowed, berserked, paralysed or teleported.
You can dig through walls and to a lower floor.
You have a pair of large antennae on your head. (SInv)
Your four strong arms can wield two-handed weapons with a shield.


Message History

Found a potion of might.
You see here a worm corpse.
HP restored.
You see here a worm corpse.
n - a potion of might
Found Guheom's Antique Armour Shop.
You sense a monster nearby.
An orc priest comes into view. It is wielding a +0 club.
The orc priest shouts!
You hear a shout! x4
An orc wizard comes into view. It is wielding a +0 dagger.
An orc comes into view. It is wielding a +0 hand axe.
An orc comes into view.
It is wielding a +2 falchion of protection.
The orc shouts!
The orc priest looks satisfied for a moment.
You hit the orc priest.
The orc priest is moderately wounded.
Duvessa, Sister of Dowan comes into view.
She is wielding a +0 short sword.
The orc priest invokes the aid of Beogh against you.
Beogh smites you! The orc priest hits you with a +0 club.
You completely miss the orc priest.
The orc priest is moderately wounded.
You closely miss the orc wizard.
You hear the slow rusting of a drain nearby.
You block the orc priest's attack. You block the orc wizard's attack.
The orc priest mumbles some strange prayers to Beogh against you.
Pain shoots through your body!
The orc wizard casts a spell.
The orc wizard flickers and vanishes for a moment.
The orc priest looks braver for a moment.
You slash the orc wizard!
The orc wizard is almost dead.
The orc priest casts a cantrip, but nothing happens.
The orc wizard hits you but does no damage.
You closely miss the orc. You barely miss the orc wizard.
The orc priest calls down the wrath of Beogh upon you.
Beogh smites you!
* * * LOW HITPOINT WARNING * * *
You block the orc wizard's attack.
The orc hits you with a +2 falchion of protection.
You die...

.
#.######....#
..#.# ######
#.#.# #.#.##
#.#..# #
###..#
#.+∩#..#
#####e###.##
......o.#@#
####eooo#
#.#### #. #.
#. ## ∩ { {


You could see Duvessa, an orc priest, an orc wizard (invisible) and an orc.

Vanquished Creatures
  Purgy (D:3)
  3 gnolls (D:2)
  4 worms
  2 dart slugs
  An orc (D:3)
  6 ball pythons
  3 endoplasms
  2 giant cockroaches
  9 hobgoblins
  2 jackals (D:3)
  4 quokkas
  5 bats
  3 frilled lizards
  9 goblins
  A jackal skeleton (D:4)
  4 kobolds
  2 rats
61 creatures vanquished.

Notes
Turn   | Place    | Note
-------+----------+-------------------------------------------
     0 | D:1      | Glokmah the Formicid Fighter began the quest for the Orb.
     0 | D:1      | Reached XP level 1. HP: 18/18 MP: 1/1
    73 | D:1      | Reached XP level 2. HP: 24/24 MP: 2/2
   123 | D:1      | Reached skill level 4 in Shields
   247 | D:1      | You fall into a shaft and drop 1 floor!
   257 | D:2      | Reached XP level 3. HP: 13/29 MP: 3/3
   262 | D:2      | HP: 1/29 [gnoll (4)]
   587 | D:2      | Found a faded altar of an unknown god.
   603 | D:2      | Reached XP level 4. HP: 31/37 MP: 4/4
  1791 | D:2      | Found a broken altar of Ashenzari.
  1926 | D:2      | Became a worshipper of Ashenzari the Shackled
  1926 | D:2      | Identified 2 scrolls of acquirement
  2011 | D:3      | Acquired a +2 executioner's axe of pain
  2012 | D:3      | Acquired a manual of Evocations
  2211 | D:3      | Noticed Purgy
  2515 | D:3      | Reached XP level 5. HP: 42/42 MP: 5/5
  2588 | D:3      | Killed Purgy
  2589 | D:3      | Reached skill level 5 in Shields
  2589 | D:3      | Reached skill level 1 in Evocations
  2589 | D:3      | Reached XP level 6. HP: 22/48 MP: 6/6
  3094 | D:4      | Found Guheom's Antique Armour Shop.
  3102 | D:4      | Noticed Duvessa
  3107 | D:4      | Slain by an orc

Illustrated notes

Levels and vault maps discovered:
D:1:      wander_arrival_chamber, layout_loops_ring
D:2:      layout_basic, hellmonk_ecumenical_altar_arch_garden, basic_altar,
          minmay_misc_feat_x, hangedman_glass_teeth
D:3:      layout_rooms, grunt_ministairs_1, bh_walls_and_bars, uniq_purgy
D:4:      minmay_opposing_rooms, layout_basic, minitemple,
          gup_sewer_entry_spiral, serial_shops, nicolae_shop_window_shopping,
          grunt_ministairs_14, kennysheep_generic_room_11, uniq_duvessa

Skill      XL: |  1  2  3  4  5 |
---------------+----------------+-----
Shields        | 4 5 |  5.4
Axes           | 3 |  3.8
Fighting       | 4 |  4.1
Evocations     | 1 |  1.6
Armour         | |  3.2

Action                   |  1- 3 |  4- 6 || total
-------------------------+-------+-------++-------
Melee: War axe           |    44 |    65 ||   109
       Executioner's axe |       |    45 ||    45
Throw: Dart              |       |     8 ||     8
       Throwing net      |       |     1 ||     1
 Abil: Dig               |       |     2 ||     2
  Use: Potion            |     1 |       ||     1
       Scroll            |       |     2 ||     2
Armor: Scale mail        |    12 |    10 ||    22
       Chain mail        |       |    74 ||    74
Dodge: Dodged            |    10 |    43 ||    53
Block: Kite shield       |    25 |    86 ||   111

Table legend: (Time is in decaauts)
 A = Elapsed time spent in this place.
 B = Non-inter-level travel time spent in this place.
 C = Inter-level travel time spent in this place.
 D = Time resting spent in this place.
 E = Time spent auto-exploring this place.
 F = Levels seen in this place.
 G = Mean time per level.
                   A        B        C        D        E       F      G
               +--------+--------+--------+--------+--------+-----+--------+
         Total |   3210 |   3020 |    190 |    672 |   1670 |   4 |  802.5 |
       Dungeon |   3210 |   3020 |    190 |    672 |   1670 |   4 |  802.5 |
               +--------+--------+--------+--------+--------+-----+--------+

Top non-repeatable levels by time:
     D:2: 1359 daAuts
     D:3: 953 daAuts
     D:1: 843 daAuts
     D:4: 54 daAuts
